 Dungeon Crawl Stone Soup version 0.25-a0-294-gea9b1ad378 (webtiles) character file.

Game seed: 3273101495630926385, levelgen mode: deterministic

34300 Error4North the Cleaver (level 13, -6/116 HPs)
             Began as a Hill Orc Fighter on Dec 19, 2019.
             Was a High Priest of Okawaru.
             Mangled by a wolf spider (8 damage)
             ... on level 1 of the Spider Nest.
             The game lasted 01:54:54 (15740 turns).

Error4North the Cleaver (Hill Orc Fighter)         Turns: 15740, Time: 01:54:55

Health: -6/116     AC: 33    Str: 22    XL:     13   Next: 76%
Magic:  0/22       EV:  4    Int: 10    God:    Okawaru [*****.]
Gold:   1072       SH: 13    Dex: 12    Spells: 24/24 levels left

rFire    + . .     SeeInvis .   T - +2 war axe
rCold    + . .     Gourm    .   c - +0 shield
rNeg     + + +     Faith    .   H - +9 scales of the Dragon King {rPois rF+ rC+ MR+}
rPois    +         Spirit   +   i - +1 hat
rElec    .         Reflect  .   r - +1 cloak
rCorr    .         Harm     .   R - +1 pair of gloves
MR       ++...                  (no boots)
Stlth    ..........             K - amulet of Dystriol {Spirit *Slow rN+++ MR+}
HPRegen  0.69/turn              (no ring)
MPRegen  0.18/turn              (no ring)

@: slowed, very slow
A: antennae 1, icy blue scales 1, thin skeletal structure 1, sense surroundings
1, regeneration 1
a: Heroism, Finesse, Renounce Religion


You were on level 1 of the Spider Nest.
You worshipped Okawaru.
Okawaru was extremely pleased with you.
You were not hungry.

You visited 5 branches of the dungeon, and saw 20 of its levels.
You also visited: Bailey.

You collected 1204 gold pieces.
You spent 132 gold pieces at shops.

Inventory:

Hand Weapons
 M - a +1 hunting sling
 S - a +2 spear of piercing
 T - a +2 war axe (weapon)
Missiles
 e - 357 stones
 k - 118 sling bullets
 F - 11 boomerangs (quivered)
 N - 5 silver boomerangs
Armour
 c - a +0 shield (worn)
 i - a +1 hat (worn)
 r - a +1 cloak (worn)
 G - a +2 helmet of intelligence
 H - the +9 scales of the Dragon King (worn) {rPois rF+ rC+ MR+}
   (You found it in a bailey)

   It protects you from fire.
   It protects you from cold.
   It protects you from poison.
   It affects your resistance to hostile enchantments.
 R - a +1 pair of gloves (worn)
Jewellery
 j - an uncursed ring of ice
 w - an uncursed amulet of the gourmand
 K - the amulet of Dystriol (around neck) {Spirit *Slow rN+++ MR+}
   (You found it on level 9 of the Dungeon)

   [amulet of guardian spirit]

   It causes incoming damage to be split between your health and magic.
   It renders you almost immune to negative energy.
   It affects your resistance to hostile enchantments.
   It may slow you when you take damage.
Wands
 d - a wand of enslavement (6)
 s - a wand of flame (4)
 z - a wand of digging (4)
 D - a wand of polymorph (2)
 V - a wand of paralysis (8)
Scrolls
 a - a scroll of immolation {unknown}
 l - 2 scrolls of random uselessness {unknown}
 m - 6 scrolls of teleportation
 o - 5 scrolls of magic mapping
 p - 4 scrolls of remove curse
 q - 2 scrolls of identify
 v - 2 scrolls of fear
 y - 4 scrolls of enchant armour {unknown}
 A - a scroll of holy word {unknown}
 C - 3 scrolls of fog {unknown}
 P - a scroll of summoning {unknown}
 U - 2 scrolls of blinking {unknown}
Potions
 b - a potion of curing
 g - a potion of lignification
 h - a potion of flight
 n - a potion of heal wounds
 t - a potion of brilliance
 u - a potion of invisibility
 x - 4 potions of might
 B - 3 potions of cancellation
 J - 2 potions of haste {unknown}
 L - a potion of magic {unknown}
 O - a potion of agility
 Q - 2 potions of degeneration {unknown}
Miscellaneous
 E - a lamp of fire
Comestibles
 f - 21 rations
 I - 4 chunks of flesh


   Skills:
 * Level 11.2 Fighting
 + Level 13.0(13.1) Axes
 + Level 0.9(7.2) Polearms
 + Level 3.2(3.4) Slings
 + Level 1.2(2.4) Throwing
 + Level 8.1 Armour
 + Level 1.0 Dodging
 + Level 0.6 Stealth
 * Level 12.6 Shields
 * Level 6.4 Spellcasting
 * Level 8.1 Invocations
 * Level 7.5 Evocations


You had 24 spell levels left.
You didn't know any spells.
Your spell library contained the following spells:

 Spells                   Type           Power        Failure   Level  Hunger
 Corona                   Hex            #......      100%        1    None
 Blink                    Tloc           N/A          100%        2    ##.....
 Ensorcelled Hibernation  Hex/Ice        #.....       100%        2    ##.....
 Shroud of Golubria       Chrm/Tloc      #.....       100%        2    ##.....
 Confuse                  Hex            #.......     100%        3    ###....
 Dazzling Flash           Conj/Hex       #.....       100%        3    ###....
 Gell's Gravitas          Tloc           #.........   100%        3    ###....
 Lesser Beckoning         Tloc           #.........   100%        3    ###....
 Teleport Other           Tloc           #.......     100%        3    ###....
 Tukima's Dance           Hex            #.......     100%        3    ###....
 Cause Fear               Hex            #.........   100%        4    ####...
 Passage of Golubria      Tloc           N/A          100%        4    ####...
 Silence                  Hex/Air        #.........   100%        5    ######.
 Yara's Violent Unravell  Hex/Tmut       #.........   100%        5    ######.
 Deflect Missiles         Chrm/Air       #.........   100%        6    #######
 Discord                  Hex            #.........   100%        8    #######


Dungeon Overview and Level Annotations

Branches:
Dungeon (13/15)            Temple (1/1) D:4            Lair (3/6) D:11
  Swamp (0/4) Lair:2       Spider (1/4) Lair:3          Orc (2/2) D:10
 Bailey (visited)
    Elf: Orc:2       Vaults: D:13-14

Altars:
Ashenzari
Cheibriados
Dithmenos
Elyvilon
Fedhas
Gozag
Hepliaklqana
Kikubaaqudgha
Makhleb
Nemelex Xobeh
Okawaru
Qazlal
Ru
Sif Muna
Trog
Uskayaw
Vehumet
Wu Jian
Xom
Yredelemnul
Zin
The Shining One

Shops:
D:5 !?}   D:6 *   D:11 [

Annotations:
Lair:1 exclusion: oklob plant


Innate Abilities, Weirdness & Mutations

You have a pair of small antennae on your head.
You are partially covered in icy blue scales. (AC +2)
You have a somewhat thin skeletal structure. (Dex +2, Stealth)
You passively map a small area around you.
Your natural rate of healing is unusually fast.


Message History

* * * LOW HITPOINT WARNING * * *
You feel yourself slow down.
The wolf spider bites you but does no damage.
The wolf spider hits you but does no damage.
The wolf spider bites you but does no damage.
The wolf spider hits you.
* * * LOW HITPOINT WARNING * * *
The wolf spider bites you but does no damage.
The redback completely misses you.
The redback bites you but does no damage.
The web tears apart.
The jumping spider pounces on you but does no damage.
You block the jumping spider's attack. The wolf spider hits you.
* * * LOW HITPOINT WARNING * * *
The wolf spider bites you.
* * * LOW HITPOINT WARNING * * *
The redback bites you but does no damage.
The wolf spider hits you but does no damage.
The wolf spider bites you!
You die...

...............
##..............
,...........(....
,,
................
, , ,
................
^...........W...
, ,
..........^.....
,,
......s.s.......
,
.......@s.....$.
..a...sss.......
,
................
...........^....
,
................
.............^..
,, ,
.(..............,
............... ,
, , ,


You could see an entropy weaver, 3 wolf spiders, a wraith, a jumping spider and
2 redbacks.

Vanquished Creatures
  2 hydras (Lair:2)
  A catoblepas (Lair:2)
  A queen ant (Lair:2)
  Nergalle (Lair:2)
  Sonja (D:12)
  3 skeletal warriors (D:13)
  An ugly thing (D:13)
  A deep elf mage (D:12)
  An oklob plant (D:11)
  2 cyclopes
  2 manticores
  Maurice (D:12)
  2 kobold demonologists (D:11)
  10 spiny frogs
  A rime drake (Lair:2)
  4 komodo dragons
  2 jumping spiders (Lair:3)
  8 polar bears (Lair:1)
  3 trolls
  4 blink frogs (Lair:1)
  A hornet (D:12)
  2 hippogriffs
  Sigmund (D:5)
  6 redbacks
  11 yaks
  Grum (D:9)
  A wraith (D:10)
  2 wyverns (D:13)
  4 hogs (D:7)
  A human (D:7)
  4 hungry ghosts
  4 basilisks
  Menkaure (D:6)
  4 swamp worms (Lair:2)
  7 soldier ants (Lair:2)
  A water moccasin (Lair:3)
  11 orc warriors
  4 porcupines
  4 sky beasts
  9 black bears
  2 ice beasts
  A phantom (D:4)
  An eye of draining (D:13)
  A necrophage (D:7)
  3 centaurs
  7 ogres
  8 wolves
  7 crocodiles
  5 big kobolds (D:11)
  11 bullfrogs
  A wyvern zombie (D:13)
  A gnoll sergeant (D:4)
  A scorpion (D:7)
  20 killer bees
  A water moccasin skeleton (D:10)
  A wyvern skeleton (D:8)
  10 wights (D:12)
  4 howler monkeys
  5 crimson imps
  A quasit (D:10)
  A bullfrog zombie (D:8)
  13 hounds
  3 jellies
  6 orc priests
  A bullfrog skeleton (D:12)
  4 centaur skeletons
  7 iguanas
  17 orc wizards
  20 worker ants
  A hound zombie (D:6)
  3 worker ant zombies
  8 adders
  3 gnolls
  3 shadow imps
  An ooze (D:3)
  An adder zombie (D:10)
  A worm (D:2)
  3 adder skeletons
  A dart slug (D:1)
  8 leopard geckos
  48 orcs
  2 giant cockroaches
  3 hobgoblins (D:1)
  14 jackals
  4 quokkas
  A ball python (D:4)
  8 bats
  6 frilled lizards
  3 goblins
  11 kobolds
  A leopard gecko skeleton (D:7)
  4 rats (D:1)
  A fungus (Lair:2)
  2 plants (D:11)
434 creatures vanquished.

Vanquished Creatures (collateral kills)
  2 orcs (Bailey)
2 creatures vanquished.

Vanquished Creatures (others)
  An orc warrior (Bailey)
  An orc priest (D:8)
  An orc wizard (D:8)
  A quokka (D:8)
  A bush (Lair:3)
  A fungus (Lair:3)
  3 plants (Lair:1)
9 creatures vanquished.

Grand Total: 445 creatures vanquished

Notes
Turn   | Place    | Note
-------+----------+-------------------------------------------
     0 | D:1      | Error4North the Hill Orc Fighter began the quest for the
                  | Orb.
     0 | D:1      | Reached XP level 1. HP: 19/19 MP: 1/1
   124 | D:1      | Reached XP level 2. HP: 25/27 MP: 2/2
   219 | D:1      | Reached skill level 3 in Axes
   249 | D:1      | Reached XP level 3. HP: 31/33 MP: 3/3
  1242 | D:2      | You fall into a shaft and drop 2 floors!
  1249 | D:4      | Reached XP level 4. HP: 40/40 MP: 4/4
  1267 | D:4      | Found a stormy altar of Qazlal.
  1622 | D:3      | Reached XP level 5. HP: 43/46 MP: 5/5
  1775 | D:2      | Reached skill level 4 in Axes
  1837 | D:2      | Found a shadowy altar of Dithmenos.
  1837 | D:2      | Found a snail-covered altar of Cheibriados.
  2099 | D:3      | Reached skill level 5 in Shields
  2886 | D:4      | Reached skill level 1 in Spellcasting
  2890 | D:4      | Noticed a phantom
  2991 | D:4      | Reached XP level 6. HP: 41/53 MP: 7/7
  3023 | D:4      | Found a staircase to the Ecumenical Temple.
  3035 | Temple   | Entered the Ecumenical Temple
  3492 | D:4      | Gained mutation: Your body sometimes deteriorates upon
                  | taking damage. [potion of mutation]
  3492 | D:4      | Gained mutation: You have a pair of small horns on your
                  | head. [potion of mutation]
  3874 | D:4      | Reached skill level 5 in Axes
  3874 | D:4      | Reached XP level 7. HP: 60/60 MP: 7/9
  3900 | D:4      | Reached skill level 5 in Fighting
  4095 | D:5      | Entered Level 5 of the Dungeon
  4120 | D:5      | Found Basom's Distillery.
  4126 | D:5      | Bought a potion of curing for 42 gold pieces
  4126 | D:5      | Lost mutation: You have a pair of small horns on your head.
                  | [potion of mutation]
  4126 | D:5      | Lost mutation: Your body sometimes deteriorates upon taking
                  | damage. [potion of mutation]
  4126 | D:5      | Gained mutation: Scrolls take you a little longer to read.
                  | [potion of mutation]
  4126 | D:5      | Gained mutation: You passively map a small area around you.
                  | [potion of mutation]
  4126 | D:5      | Gained mutation: Potions are less effective at restoring
                  | your health. [potion of mutation]
  4126 | D:5      | Gained mutation: You have a pair of small antennae on your
                  | head. [potion of mutation]
  4193 | D:5      | Noticed Sigmund
  4290 | D:5      | Found an ornate altar of the Wu Jian Council.
  4349 | D:5      | Found Wutseirch's Gadget Boutique.
  4405 | D:5      | Found Kigiehym's Magic Scroll Shop.
  4551 | D:5      | Found a glowing silver altar of Zin.
  4899 | D:5      | Reached skill level 6 in Axes
  4899 | D:5      | Reached XP level 8. HP: 59/68 MP: 11/11
  5051 | D:5      | Killed Sigmund
  5051 | D:5      | Reached skill level 1 in Dodging
  5071 | D:5      | Lost mutation: Potions are less effective at restoring your
                  | health. [potion of mutation]
  5071 | D:5      | Lost mutation: Scrolls take you a little longer to read.
                  | [potion of mutation]
  5071 | D:5      | Gained mutation: Your natural rate of healing is unusually
                  | fast. [potion of mutation]
  5071 | D:5      | Gained mutation: You have a somewhat thin skeletal
                  | structure. (Dex +2, Stealth) [potion of mutation]
  5071 | D:5      | Gained mutation: You are partially covered in icy blue
                  | scales. (AC +2) [potion of mutation]
  5147 | D:6      | Reached skill level 7 in Axes
  5202 | D:6      | Reached skill level 5 in Armour
  5268 | D:6      | Found a burning altar of Makhleb.
  5384 | D:6      | Noticed Menkaure
  5405 | D:6      | Found Rupose's Assorted Antiques.
  5409 | D:6      | Bought a potion of curing for 90 gold pieces
  5411 | D:6      | Killed Menkaure
  5411 | D:6      | Reached XP level 9. HP: 63/75 MP: 13/13
  5430 | D:6      | Found a sacrificial altar of Ru.
  5629 | D:5      | Reached skill level 8 in Axes
  5843 | D:7      | Found a sparkling altar of Nemelex Xobeh.
  5869 | D:7      | Reached skill level 1 in Evocations
  6105 | D:7      | Reached skill level 1 in Throwing
  6112 | D:7      | Reached skill level 9 in Axes
  6209 | D:7      | Found an iron altar of Okawaru.
  6230 | D:7      | Became a worshipper of Warmaster Okawaru
  6401 | D:7      | Reached XP level 10. HP: 85/86 MP: 15/15
  6918 | D:8      | Found a sparkling altar of Nemelex Xobeh.
  6934 | D:8      | Found a flagged portal.
  6943 | Bailey   | Entered a bailey
  7194 | Bailey   | Reached * piety under Okawaru
  7341 | Bailey   | Found the +9 scales of the Dragon King {rPois rF+ rC+ MR+}
  7734 | D:8      | Found a bloodstained altar of Trog.
  7815 | D:8      | Reached skill level 1 in Invocations
  8346 | D:9      | Got a flickering golden amulet
  8402 | D:9      | Reached ** piety under Okawaru
  8404 | D:9      | Noticed Grum
  8434 | D:9      | Reached skill level 10 in Shields
  8452 | D:9      | Killed Grum
  8692 | D:10     | Entered Level 10 of the Dungeon
  8728 | D:10     | Reached skill level 10 in Axes
  8728 | D:10     | Reached XP level 11. HP: 82/95 MP: 17/17
  8763 | D:10     | Reached *** piety under Okawaru
  9345 | D:10     | Received a gift from Okawaru
  9532 | D:10     | Found a staircase to the Orcish Mines.
  9924 | D:11     | Found Xiekiny's Armour Boutique.
  9925 | D:11     | Noticed a manticore
  9941 | D:11     | Killed a manticore
  9976 | D:11     | Identified the amulet of Dystriol {Spirit *Slow rN+++ MR+}
                  | (You found it on level 9 of the Dungeon)
 10002 | D:11     | Found a staircase to the Lair.
 10002 | D:11     | Noticed an oklob plant
 10012 | D:11     | Killed an oklob plant
 10012 | D:11     | Reached skill level 5 in Evocations
 10073 | D:11     | Found an iron altar of Okawaru.
 10149 | D:11     | Reached **** piety under Okawaru
 10544 | Orc:1    | Entered Level 1 of the Orcish Mines
 10634 | Orc:2    | Entered Level 2 of the Orcish Mines
 10634 | Orc:2    | Noticed an orc knight
 10634 | Orc:2    | Noticed an orc sorcerer
 11115 | D:12     | Noticed Sonja
 11119 | D:12     | Killed Sonja
 11119 | D:12     | Reached skill level 1 in Slings
 11144 | D:12     | Reached skill level 5 in Spellcasting
 11153 | D:12     | Noticed Maurice
 11174 | D:12     | Killed Maurice
 11174 | D:12     | Reached ***** piety under Okawaru
 11174 | D:12     | Reached skill level 11 in Axes
 11230 | D:12     | Noticed a deep elf mage
 11231 | D:12     | Noticed a white ugly thing
 11242 | D:12     | Killed a deep elf mage
 11242 | D:12     | Reached skill level 5 in Invocations
 11242 | D:12     | Reached XP level 12. HP: 106/106 MP: 9/19
 11257 | D:12     | Reached skill level 10 in Fighting
 11366 | D:12     | Paralysed by a hornet for 2 turns
 11975 | D:13     | Received a gift from Okawaru
 12108 | D:13     | Found a shadowy altar of Dithmenos.
 12372 | D:13     | Noticed a two-headed ogre
 12548 | Lair:1   | Entered Level 1 of the Lair of Beasts
 12733 | Lair:1   | Reached skill level 12 in Axes
 13070 | Lair:1   | Found an opulent altar of Gozag.
 13257 | Lair:1   | Reached XP level 13. HP: 111/115 MP: 21/21
 13849 | Lair:2   | HP: 5/115 [swamp worm (14)]
 13849 | Lair:2   | HP: 1/115 [swamp worm (4)]
 14328 | Lair:2   | Received a gift from Okawaru
 14678 | Lair:2   | Noticed Nergalle
 14703 | Lair:2   | Killed Nergalle
 14802 | Lair:2   | Found a staircase to the Swamp.
 14894 | Lair:2   | Received a gift from Okawaru
 15623 | Lair:3   | Reached skill level 13 in Axes
 15632 | Lair:3   | Found a hole to the Spider Nest.
 15727 | Spider:1 | Entered Level 1 of the Spider Nest
 15738 | Spider:1 | Noticed an entropy weaver
 15739 | Spider:1 | HP: 4/116 [wolf spider (2)]
 15740 | Spider:1 | Mangled by a wolf spider

Levels and vault maps discovered:
D:1:      giann_wishing_wells, layout_basic, moated_statue
D:2:      layout_basic, chequers_temple_overflow_statue_of_worship
D:3:      layout_loops_ring, first_ration
D:4:      layout_rooms, nicolae_overflow_crystal_walls, temple_hall,
          roderic_lattice_a, lightli_minifort
D:5:      layout_basic, lemuel_crystal_altar, lemuel_round_altar, serial_shops,
          shop, kennysheep_mini_moat, shop_statue, uniq_sigmund
D:6:      layout_rooms, nicolae_ru_path_of_blood, makhleb_grotto_becter,
          serial_shops, kennysheep_mini, uniq_menkaure
D:7:      layout_basic, old_standard_altar, basic_altar, dk_vineyard_3,
          grunt_livestock, hangedman_decor_diamond_cutter, corner_web_ring
D:8:      layout_basic, lightli_temple_of_fire, nicolae_overflow_hidden_temple,
          enter_bailey_6, corexii_corridor_pit, minmay_quadrilaterals
D:9:      layout_basic, minmay_statues_item, nicolae_wwwww, uniq_grum
D:10:     layout_basic, david_orc_4, eino_jars
D:11:     layout_rooms, dpeg_oklobed_lair, serial_shops, nicolae_shop_crystal,
          basic_altar, serial_park_tiny_pond
D:12:     layout_roguey, minivault_26, uniq_sonja, uniq_maurice
D:13:     lemuel_reptile_caves, layout_layer_cave,
          grunt_dithmenos_smoke_and_mirrors
Temple:   minmay_temple_bridge_abc
Lair:1:   beast_lair_carwin_large_4, layout_concentric_octagons,
          lemuel_oklob_altar, grunt_megastairs_5
Lair:2:   beast_lair_carwin_large_3, layout_cave_pods, palyth_hydra_swamp_entry,
          chequers_serial_rivers_room_b, minmay_another_anthill, uniq_nergalle
Lair:3:   layout_hall_layers, nicolae_spider_entry_tight_spaces,
          chequers_serial_rivers_marsh, beast_lair_carwin_8
Spider:1: layout_spider_delve, nicolae_spider_nook, uniq_louise, uniq_josephine
Orc:1:    nicolae_orc_accident_2, layout_diamond_mine
Orc:2:    st_orc_open, layout_diamond_mine

Skill      XL: |  1  2  3  4  5  6  7  8  9 10 11 12 13 |
---------------+----------------------------------------+-----
Fighting       | 4 5 7 8 9 10 11 | 11.2
Axes           | 3 4 5 6 7 9 10 11 12 13 | 13.0
Shields        | 4 5 6 7 8 10 11 12 | 12.6
Spellcasting   | 1 2 3 4 5 6 |  6.4
Armour         | 4 5 6 7 8 |  8.1
Dodging        | 1 |  1.0
Evocations     | 2 4 5 6 7 |  7.5
Throwing       | 1 |  1.2
Invocations    | 2 5 6 8 |  8.1
Slings         | 1 2 3 |  3.2
Polearms       | |  0.9
Stealth        | |  0.6

Action                   |  1- 3 |  4- 6 |  7- 9 | 10-12 | 13-15 || total
-------------------------+-------+-------+-------+-------+-------++-------
Melee: War axe           |   117 |   132 |   352 |  1063 |   342 ||  2006
       Headbutt          |       |     2 |     9 |       |       ||    11
       Spear             |       |       |       |       |    43 ||    43
 Fire: Hunting sling     |       |       |       |   121 |    54 ||   175
Throw: Stone             |    30 |    14 |    18 |     4 |       ||    66
       Boomerang         |       |       |       |    19 |     3 ||    22
Invok: Heroism           |       |       |       |     6 |     3 ||     9
       Finesse           |       |       |       |     3 |     1 ||     4
Evoke: Wand              |       |       |     2 |     6 |     2 ||    10
       Lamp of fire      |       |       |       |     1 |       ||     1
  Use: Potion            |     1 |     4 |     3 |     3 |    10 ||    21
       Scroll            |       |     5 |     3 |    10 |     3 ||    21
 Stab: Invisible         |       |       |       |     7 |       ||     7
       Petrified         |       |       |       |       |     3 ||     3
  Eat: Chunk             |     1 |     9 |    19 |    39 |    10 ||    78
       Ration            |       |     2 |     1 |     3 |     1 ||     7
Armor: Scale mail        |    74 |    27 |       |       |       ||   101
       Plate armour      |       |    74 |   219 |   112 |       ||   405
       Gold dragon scale |       |       |       |   731 |   407 ||  1138
Dodge: Dodged            |    47 |    33 |    63 |   192 |    85 ||   420
Block: Shield            |    95 |   106 |   177 |   780 |   335 ||  1493

Table legend:
 A = Non-vault XP
 B = Vault XP
 C = Vault XP percentage of total XP
 D = Non-vault monster count
 E = Vault monster count
 F = Vault count percentage of total count
                 A         B        C        D         E       F
            +---------+---------+-------+---------+---------+-------
      Total |   27901 |   21100 |  43.1 |     301 |     134 |  30.8
            +---------+---------+-------+---------+---------+-------
        D:1 |      48 |       0 |   0.0 |      28 |       0 |   0.0
        D:2 |      31 |       0 |   0.0 |       8 |       0 |   0.0
        D:3 |     200 |      14 |   6.5 |      12 |       1 |   7.7
        D:4 |     411 |     112 |  21.4 |      22 |       3 |  12.0
        D:5 |     604 |     231 |  27.7 |      19 |       1 |   5.0
        D:6 |     823 |     222 |  21.2 |      14 |       2 |  12.5
        D:7 |    1383 |    1000 |  42.0 |      26 |       5 |  16.1
        D:8 |    1030 |      80 |   7.2 |      20 |       2 |   9.1
        D:9 |    1556 |     439 |  22.0 |      18 |       3 |  14.3
       D:10 |    2532 |    1194 |  32.0 |      25 |      22 |  46.8
       D:11 |    2065 |     565 |  21.5 |      20 |       1 |   4.8
       D:12 |    4076 |    1271 |  23.8 |      33 |       2 |   5.7
       D:13 |    5045 |     114 |   2.2 |      19 |       4 |  17.4
     Lair:1 |    3137 |    3664 |  53.9 |      15 |      16 |  51.6
     Lair:2 |    3153 |    7052 |  69.1 |      10 |      41 |  80.4
     Lair:3 |    1108 |    4483 |  80.2 |       5 |      14 |  73.7
   Spider:1 |     450 |       0 |   0.0 |       2 |       0 |   0.0
      Orc:1 |     249 |       0 |   0.0 |       5 |       0 |   0.0
     Bailey |       0 |     659 | 100.0 |       0 |      17 | 100.0
            +---------+---------+-------+---------+---------+-------
